 Dungeon Crawl Stone Soup version 0.31-a0-859-g9dce7d3444 (webtiles) character file.

Game seed: 3237748260144940391

18 Kurtz the Sneak (level 2, -11/28 HPs)
             Began as a Naga Delver on Oct 9, 2023.
             Mangled by a gnoll
             ... wielding a +0 halberd
              (13 damage)
             ... on level 3 of the Dungeon.
             The game lasted 00:01:27 (646 turns).

Kurtz the Sneak (Naga Delver)                        Turns: 646, Time: 00:01:28

Health: -11/28     AC:  3    Str: 14    XL:     2   Next: 70%
Magic:  2/2        EV:  9    Int: 10    God:
Gold:   9          SH:  0    Dex: 12    Spells: 1/1 levels left

rFire   . . .        h - +2 whip (venom)
rCold   . . .        (no shield)
rNeg    . . .        b - +0 leather armour
rPois   +            (no helmet)
rElec   .            e - +0 cloak
rCorr   .            (no gloves)
SInv    +            (no barding)
Will    .....        (no amulet)
Stlth   +++          (no ring)
HPRegen 0.24/turn    (no ring)
MPRegen 0.08/turn

%: no passive effects
@: very slow
A: AC +0, large, see invisible, deformed body, poison resistance, slowness 2,
spit poison 1, naga tail 1
a: Spit Poison


You were on level 3 of the Dungeon.
You visited 1 branch of the dungeon, and saw 3 of its levels.

You collected 9 gold pieces.

Inventory:

Hand Weapons
 a - a +0 hand axe
 h - a +2 whip of venom (weapon)
Armour
 b - a +0 leather armour (worn)
 e - a +0 cloak (worn)
Wands
 g - a wand of digging (3)
Scrolls
 c - a scroll of fog
 d - a scroll of revelation
Potions
 f - a potion of haste
 i - a potion of attraction {unknown}


   Skills:
 - Level 3.0 Fighting
 * Level 3.2 Axes
 - Level 1.5 Dodging
 - Level 7.2 Stealth


You had one spell level left.
You didn't know any spells.
Your spell library contained the following spells:

 Spells                   Type           Power      Damage    Failure   Level
 Sublimation of Blood     Necr           0%         N/A       58%         2
 Wereblood                Tmut           0%         N/A       58%         2
 Summon Hydra             Summ           0%         N/A       100%        7


Dungeon Overview and Level Annotations

Branches:
Dungeon (5/15)
 Temple: D:4-7

Altars:

Annotations:
D:3 exclusion: downstairs


Innate Abilities, Weirdness & Mutations

Your serpentine skin is tough. (AC +0)
You have supernaturally acute eyesight. (SInv)
Armour fits poorly on your strangely shaped body.
Your system is resistant to poisons. (rPois)
You cover ground very slowly.
You can spit poison.
You have a snake-like lower body.


Message History

You kill the goblin!
Unknown command.
The rat barely misses you.
Things that are here:
a +0 club; a goblin corpse You hit the rat but do no damage.
The rat is poisoned.
The rat barely misses you.
Unknown command.
You hit the rat.
You kill the rat!
A gnoll comes into view. It is wielding a +0 halberd.
A gnoll comes into view. It is wielding a +0 halberd.
Found a scroll labelled ERRIUXTAIS.
A bat comes into view.
Aiming: Spit Poison (2% risk of failure)
Press: ? - help, Shift-Dir - straight line The splash of poison hits the gnoll.
The gnoll is lightly wounded.
The gnoll hits you from afar with a +0 halberd.
Unknown command.
The gnoll hits you with a +0 halberd.
The gnoll hits you from afar with a +0 halberd.
The gnoll misses you.
You barely miss the gnoll.
The gnoll is lightly wounded.
The gnoll barely misses you. The gnoll hits you with a +0 halberd!
* * * LOW HITPOINT WARNING * * *
Unknown command.
The gnoll shouts!
You hit the gnoll.
The gnoll is poisoned.
The gnoll is moderately wounded.
You have got your breath back.
The gnoll hits you from afar with a +0 halberd.
* * * LOW HITPOINT WARNING * * *
The gnoll barely misses you.
The air fills with toxic fumes!
As you read the scroll labelled ABBILU QOUWAIPS, it crumbles to dust.
It was a scroll of poison.
The gnoll hits you from afar with a +0 halberd!
You die...

......#.....#....
#.§§§§§§§§§#§§§.
+..§§§§§g§§§§§?.
#...§§§§§§§§§...
#....§§§§§§§..#
#.)...§§§§§...##
#.....)§g§...... #...
####'###g###......
.... #.# #@# ..##.##
#..# #.# #§#
.......##..# #.#
#§§..............# #.#
§§§§.............#
#.###§##§............'
#.# #§##§##.##...##..'
#.# #§##.§...........#
#.# #§##.#####...##.##
########.###.##.#
#...##.##


You could see 3 gnolls.

Vanquished Creatures
  An orc (D:3)
  2 ball pythons (D:4)
  An endoplasm (D:4)
  3 goblins (D:3)
  3 jackals (D:4)
  3 frilled lizards (D:3)
  A kobold (D:4)
  2 rats (D:3)
16 creatures vanquished.

Notes
Turn   | Place    | Note
-------+----------+-------------------------------------------
     0 | D:5      | Kurtz the Naga Delver began the quest for the Orb.
     0 | D:5      | Reached XP level 1. HP: 21/21 MP: 1/1
   239 | D:4      | Noticed a jelly
   306 | D:4      | Reached XP level 2. HP: 22/28 MP: 2/2
   339 | D:4      | Noticed a scorpion
   646 | D:3      | Mangled by a gnoll

Illustrated notes

Levels and vault maps discovered:
D:3:      layout_basic, grunt_temple_overflow_cloverleaf, kennysheep_cross_room
D:4:      layout_rooms, beargit_hepliaklqana_dungeon_heroes,
          minmay_temple_entry_crystal_x, minmay_diced_spiral
D:5:      layout_rooms, serial_shops, nicolae_shop_stone, grunt_ministairs_4,
          minmay_misc_feat_pillars

Skill      XL: |  1  2 |
---------------+-------+-----
Axes           | 3 |  3.2
Fighting       | |  3.0
Dodging        | |  1.5
Stealth        | |  7.2

Action                     || total
---------------------------++-------
  Melee: Hand axe          ||    15
         Whip              ||    25
Ability: Spit Poison       ||     3
    Use: Scroll            ||     2
   Stab: Sleeping          ||     3
 Armour: Leather armour    ||    36
  Dodge: Dodged            ||    27

Table legend: (Time is in decaauts)
 A = Elapsed time spent in this place.
 B = Non-inter-level travel time spent in this place.
 C = Inter-level travel time spent in this place.
 D = Time resting spent in this place.
 E = Time spent auto-exploring this place.
 F = Levels seen in this place.
 G = Mean time per level.
                   A        B        C        D        E       F      G
               +--------+--------+--------+--------+--------+-----+--------+
         Total |    800 |    775 |     25 |    181 |    260 |   3 |  266.7 |
       Dungeon |    800 |    775 |     25 |    181 |    260 |   3 |  266.7 |
               +--------+--------+--------+--------+--------+-----+--------+

Top non-repeatable levels by time:
     D:3: 388 daAuts
     D:4: 274 daAuts
     D:5: 137 daAuts
